TOP OF THE 1ST |
Biloxi Shuckers batting - Pitching for Jacksonville Suns : RHP Jorge Lara
|
Pitching: RHP Jorge Lara
|
|
Batting: RHB Hector Silva
|
0-0: SINGLE (Groundball, 56D, EV 106.2 MPH)
|
Batting: LHB Jason Raker
|
0-0: Called Strike Hector Silva steals 2nd base 0-1: Ground out 5-3 (Groundball, 56S, EV 67.5 MPH) Hector Silva to third
|
Batting: SHB Orlando Torres
|
0-0: Foul Ball, location: 2F 0-1: Called Strike 0-2: Ball 1-2: Foul Ball, location: 2F 1-2: Foul Ball, location: 2F 1-2: Foul Ball, location: 2F 1-2: Fly out, F8 (Flyball, 8LD, EV 96.2 MPH)
|
Batting: SHB Ramon Perez
|
0-0: Ball 1-0: Called Strike 1-1: Ball 2-1: Ball 3-1: Foul Ball, location: 2F 3-2: Ground out 6-3 (Groundball, 6, EV 90.0 MPH)
|
Top of the 1st over - 0 runs, 1 hit, 0 errors, 1 left on base; Biloxi 0 - Jacksonville 0 |
BOTTOM OF THE 1ST |
Jacksonville Suns batting - Pitching for Biloxi Shuckers : LHP Adam Wood
|
Pitching: LHP Adam Wood
|
|
Batting: RHB Akira Suzuki
|
0-0: Ball 1-0: Foul Ball, location: 2F 1-1: SINGLE (Groundball, 34D, EV 106.2 MPH)
|
Batting: RHB Boof Howell
|
0-0: Ball 1-0: Ball Akira Suzuki is caught stealing 2nd base 2-4 2-0: Called Strike 2-1: SINGLE (Groundball, 4S, EV 63.1 MPH) (infield hit)
|
Batting: RHB Miguel Velasco
|
0-0: Ball 1-0: Ball 2-0: Called Strike Boof Howell is caught stealing 2nd base 2-4 2-1: SINGLE (Groundball, 34D, EV 105.0 MPH)
|
Batting: SHB Matt Moore
|
0-0: Called Strike 0-1: Called Strike 0-2: Ball 1-2: Foul Ball, location: 2F 1-2: Strikes out swinging
|
Bottom of the 1st over - 0 runs, 3 hits, 0 errors, 1 left on base; Biloxi 0 - Jacksonville 0 |
TOP OF THE 2ND |
Biloxi Shuckers batting - Pitching for Jacksonville Suns : RHP Jorge Lara
|
Batting: RHB Eddie McCoy
|
0-0: Ground out 5-3 (Groundball, 56, EV 103.8 MPH)
|
Batting: RHB Herb McIntyre
|
0-0: Called Strike 0-1: Ball 1-1: Ball 2-1: Ball 3-1: Fly out, F8 (Flyball, 8RXD, EV 88.1 MPH)
|
Batting: RHB Ben Taylor
|
0-0: Fly out, F4 (Popup, 4M, EV 63.1 MPH)
|
Top of the 2nd over - 0 runs, 0 hits, 0 errors, 0 left on base; Biloxi 0 - Jacksonville 0 |
BOTTOM OF THE 2ND |
Jacksonville Suns batting - Pitching for Biloxi Shuckers : LHP Adam Wood
|
Batting: RHB Orlando Landa
|
0-0: Called Strike 0-1: Called Strike 0-2: SINGLE (Groundball, P, EV 88.8 MPH) (infield hit)
|
Batting: LHB Dong-u Chang
|
0-0: Ball 1-0: Foul Ball, location: 2F 1-1: Swinging Strike 1-2: Ball 2-2: Strikes out swinging
|
Batting: RHB Tom Thompson
|
0-0: Ball 1-0: Called Strike 1-1: Ball 2-1: Ball 3-1: Foul Ball, location: 2F 3-2: Fly out, F9 (Flyball, 9, EV 96.9 MPH)
|
Batting: LHB Orlando Rivera
|
0-0: Called Strike Orlando Landa is caught stealing 2nd base 2-6
|
Bottom of the 2nd over - 0 runs, 1 hit, 0 errors, 0 left on base; Biloxi 0 - Jacksonville 0 |
TOP OF THE 3RD |
Biloxi Shuckers batting - Pitching for Jacksonville Suns : RHP Jorge Lara
|
Batting: RHB Brian Landrum
|
0-0: Called Strike 0-1: Called Strike 0-2: Ball 1-2: Foul Ball, location: 2F 1-2: Foul Ball, location: 2F 1-2: Fly out, F9 (Flyball, 89M, EV 95.0 MPH)
|
Batting: RHB Cameron Rattenbury
|
0-0: Fly out, F8 (Line Drive, 8RM, EV 92.5 MPH)
|
Batting: RHB Hector Silva
|
0-0: Called Strike 0-1: Ball 1-1: Foul Ball, location: 2F 1-2: Fly out, F9 (Flyball, 89M, EV 86.2 MPH)
|
Top of the 3rd over - 0 runs, 0 hits, 0 errors, 0 left on base; Biloxi 0 - Jacksonville 0 |
BOTTOM OF THE 3RD |
Jacksonville Suns batting - Pitching for Biloxi Shuckers : LHP Adam Wood
|
Batting: LHB Orlando Rivera
|
0-0: Swinging Strike 0-1: Ball 1-1: Foul Ball, location: 2F 1-2: Ball 2-2: Ball 3-2: Strikes out swinging
|
Batting: RHB Alberto Bravo
|
0-0: Foul Ball, location: 2F 0-1: Fly out, F7 (Line Drive, 7LM, EV 102.5 MPH)
|
Batting: RHB Akira Suzuki
|
0-0: Ball 1-0: Called Strike 1-1: Swinging Strike 1-2: Foul Ball, location: 2F 1-2: Ball 2-2: Ball 3-2: SINGLE (Groundball, 4D, EV 96.9 MPH)
|
Batting: RHB Boof Howell
|
0-0: Called Strike 0-1: DOUBLE (Line Drive, 9LS, EV 105.6 MPH) Akira Suzuki to third
|
Batting: RHB Miguel Velasco
|
0-0: Swinging Strike 0-1: Ground out 2-3 (Groundball, 2R, EV 77.5 MPH)
|
Bottom of the 3rd over - 0 runs, 2 hits, 0 errors, 2 left on base; Biloxi 0 - Jacksonville 0 |
TOP OF THE 4TH |
Biloxi Shuckers batting - Pitching for Jacksonville Suns : RHP Jorge Lara
|
Batting: LHB Jason Raker
|
0-0: Called Strike 0-1: Ball 1-1: SOLO HOME RUN (Flyball, 8RXD, EV 111.9 MPH), Distance : 457 ft
|
Batting: SHB Orlando Torres
|
0-0: Called Strike 0-1: DOUBLE (Groundball, 3L, EV 94.4 MPH)
|
Batting: SHB Ramon Perez
|
0-0: Called Strike 0-1: Ball 1-1: Swinging Strike 1-2: Ball 2-2: Ball 3-2: Strikes out looking
|
Batting: RHB Eddie McCoy
|
0-0: Called Strike 0-1: Ball 1-1: Foul Ball, location: 2F 1-2: Foul Ball, location: 2F 1-2: Foul Ball, location: 2F 1-2: Ball 2-2: Foul Ball, location: 2F 2-2: Strikes out swinging
|
Batting: RHB Herb McIntyre
|
0-0: Ball 1-0: Ball 2-0: Foul Ball, location: 2F 2-1: Foul Ball, location: 2F 2-2: SINGLE (Flyball, 8RS, EV 90.6 MPH) Orlando Torres to third Runner from 3rd tries for Home, SAFE, throw by RF to home
|
Batting: RHB Ben Taylor
|
0-0: Ball 1-0: Called Strike 1-1: Ball 2-1: Ball 3-1: Foul Ball, location: 2F 3-2: DOUBLE (Line Drive, 9LS, EV 96.9 MPH) Herb McIntyre to third Herb McIntyre scores
|
Batting: RHB Brian Landrum
|
0-0: Ground out 5-3 (Groundball, 25, EV 83.1 MPH)
|
Top of the 4th over - 3 runs, 4 hits, 0 errors, 1 left on base; Biloxi 3 - Jacksonville 0 |
BOTTOM OF THE 4TH |
Jacksonville Suns batting - Pitching for Biloxi Shuckers : LHP Adam Wood
|
Batting: SHB Matt Moore
|
0-0: Ball 1-0: Called Strike 1-1: Ball 2-1: Called Strike 2-2: Fly out, F9 (Flyball, 9LS, EV 98.1 MPH)
|
Batting: RHB Orlando Landa
|
0-0: Ground out 6-3 (Groundball, 6, EV 83.1 MPH)
|
Batting: LHB Dong-u Chang
|
0-0: Ball 1-0: Ball 2-0: Ball 3-0: Base on Balls
|
Batting: RHB Tom Thompson
|
0-0: Swinging Strike 0-1: Called Strike 0-2: Ball Dong-u Chang steals 2nd, throwing error, E2 Dong-u Chang to third 1-2: Ball 2-2: Ball 3-2: Strikes out swinging
|
Bottom of the 4th over - 0 runs, 0 hits, 1 error, 1 left on base; Biloxi 3 - Jacksonville 0 |
TOP OF THE 5TH |
Biloxi Shuckers batting - Pitching for Jacksonville Suns : RHP Jorge Lara
|
Batting: RHB Cameron Rattenbury
|
0-0: Ball 1-0: Ball 2-0: Ball 3-0: Called Strike 3-1: Foul Ball, location: 2F 3-2: SINGLE (Line Drive, 78S, EV 104.4 MPH)
|
Batting: RHB Hector Silva
|
0-0: Ball 1-0: Swinging Strike 1-1: SINGLE (Groundball, 56D, EV 103.1 MPH) Cameron Rattenbury to second
|
Batting: LHB Jason Raker
|
0-0: Called Strike 0-1: Called Strike 0-2: Ball 1-2: Ball 2-2: Fly out, F8 (Line Drive, 8LD, EV 91.2 MPH)
|
Batting: SHB Orlando Torres
|
0-0: Fly out, F8 (Flyball, 8LM, EV 81.9 MPH)
|
Batting: SHB Ramon Perez
|
0-0: Foul Ball, location: 2F 0-1: Foul Ball, location: 2F 0-2: Ball 1-2: Ground out U3 (Groundball, 3, EV 81.2 MPH)
|
Top of the 5th over - 0 runs, 2 hits, 0 errors, 2 left on base; Biloxi 3 - Jacksonville 0 |
BOTTOM OF THE 5TH |
Jacksonville Suns batting - Pitching for Biloxi Shuckers : LHP Adam Wood
|
Batting: LHB Orlando Rivera
|
0-0: SINGLE (Line Drive, 4MD, EV 95.6 MPH)
|
Batting: RHB Alberto Bravo
|
0-0: Ball 1-0: Ball 2-0: Ball 3-0: Called Strike 3-1: Swinging Strike 3-2: Grounds into double play, 6-4-3 (Groundball, 6M, EV 89.4 MPH)
|
Batting: RHB Akira Suzuki
|
0-0: SINGLE (Line Drive, 9LS, EV 89.4 MPH)
|
Batting: RHB Boof Howell
|
0-0: Called Strike 0-1: Ball 1-1: Foul Ball, location: 2F 1-2: Ball 2-2: Ball 3-2: Base on Balls Akira Suzuki to second
|
Batting: RHB Miguel Velasco
|
0-0: Ball 1-0: Called Strike 1-1: Ground out 4-3 (Groundball, 4, EV 103.1 MPH)
|
Bottom of the 5th over - 0 runs, 2 hits, 0 errors, 2 left on base; Biloxi 3 - Jacksonville 0 |
TOP OF THE 6TH |
Biloxi Shuckers batting - Pitching for Jacksonville Suns : RHP Jorge Lara
|
Batting: RHB Eddie McCoy
|
0-0: Swinging Strike 0-1: Swinging Strike 0-2: Foul Ball, location: 2F 0-2: Ball 1-2: Ball 2-2: Ball 3-2: Reached on error, E6 (Groundball, 6, EV 85.6 MPH)
|
Batting: RHB Herb McIntyre
|
0-0: Swinging Strike 0-1: Foul Ball, location: 2F 0-2: Ball 1-2: Foul Ball, location: 2F 1-2: SINGLE (Groundball, 15S, EV 66.2 MPH) (infield hit) Eddie McCoy to third
|
Pitching: RHP Earl Shepherd
|
|
Batting: RHB Ben Taylor
|
0-0: Fly out, F8 (Line Drive, 8RD, EV 91.2 MPH) Runner from 3rd tags up, SCORES, throw by CF
|
Batting: RHB Brian Landrum
|
0-0: Swinging Strike 0-1: Foul Ball, location: 2F 0-2: SINGLE (Groundball, 6S, EV 67.5 MPH) (infield hit) Herb McIntyre to second
|
Batting: RHB Cameron Rattenbury
|
0-0: Swinging Strike 0-1: Called Strike 0-2: Ball 1-2: Strikes out swinging
|
Batting: RHB Hector Silva
|
0-0: Ball 1-0: Swinging Strike 1-1: Called Strike 1-2: Ball 2-2: Foul Ball, location: 2F 2-2: Foul Ball, location: 2F 2-2: Foul Ball, location: 2F 2-2: Fielders Choice at 2nd, 6-4 (Groundball, 6, EV 101.9 MPH)
|
Top of the 6th over - 1 run, 2 hits, 1 error, 2 left on base; Biloxi 4 - Jacksonville 0 |
BOTTOM OF THE 6TH |
Jacksonville Suns batting - Pitching for Biloxi Shuckers : LHP Adam Wood
|
Batting: SHB Matt Moore
|
0-0: Called Strike 0-1: Called Strike 0-2: Ball 1-2: Strikes out swinging
|
Batting: RHB Orlando Landa
|
0-0: Called Strike 0-1: Ball 1-1: Ball 2-1: Foul Ball, location: 2F 2-2: Ground out 6-3 (Groundball, 6M, EV 79.4 MPH)
|
Batting: LHB Dong-u Chang
|
0-0: Ball 1-0: Ball 2-0: Called Strike 2-1: Ground out 4-3 (Groundball, 4M, EV 107.5 MPH)
|
Bottom of the 6th over - 0 runs, 0 hits, 0 errors, 0 left on base; Biloxi 4 - Jacksonville 0 |
TOP OF THE 7TH |
Biloxi Shuckers batting - Pitching for Jacksonville Suns : RHP Earl Shepherd
|
Batting: LHB Jason Raker
|
0-0: Ball 1-0: Foul Ball, location: 2F 1-1: Ball 2-1: Ground out 4-3 (Groundball, 34, EV 105.6 MPH)
|
Batting: SHB Orlando Torres
|
0-0: Ball 1-0: Ball 2-0: Foul Ball, location: 2F 2-1: Foul Ball, location: 2F 2-2: Ball 3-2: Strikes out swinging
|
Batting: SHB Ramon Perez
|
0-0: Ball 1-0: Ball 2-0: Ball 3-0: Called Strike 3-1: Foul Ball, location: 2F 3-2: Strikes out looking
|
Top of the 7th over - 0 runs, 0 hits, 0 errors, 0 left on base; Biloxi 4 - Jacksonville 0 |
BOTTOM OF THE 7TH |
Jacksonville Suns batting - Pitching for Biloxi Shuckers : LHP Adam Wood
|
Batting: RHB Tom Thompson
|
0-0: Ball 1-0: Fly out, F3 (Popup, 3SF, EV 87.5 MPH)
|
Batting: LHB Orlando Rivera
|
0-0: Called Strike 0-1: Swinging Strike 0-2: Foul Ball, location: 2F 0-2: Ball 1-2: Ball 2-2: Ball 3-2: Strikes out looking
|
Batting: RHB Alberto Bravo
|
0-0: Ball 1-0: Swinging Strike 1-1: Foul Ball, location: 2F 1-2: Strikes out looking
|
Bottom of the 7th over - 0 runs, 0 hits, 0 errors, 0 left on base; Biloxi 4 - Jacksonville 0 |
TOP OF THE 8TH |
Biloxi Shuckers batting - Pitching for Jacksonville Suns : RHP Earl Shepherd
|
Batting: RHB Eddie McCoy
|
0-0: Foul Ball, location: 2F 0-1: Ball 1-1: Ball 2-1: Foul Ball, location: 2F 2-2: Ball 3-2: Foul Ball, location: 2F 3-2: Foul Ball, location: 2F 3-2: Ground out 5-3 (Groundball, 56, EV 83.1 MPH)
|
Batting: RHB Herb McIntyre
|
0-0: Ball 1-0: Ball 2-0: Called Strike 2-1: Foul Ball, location: 2F 2-2: Ball 3-2: Foul Ball, location: 2F 3-2: Foul Ball, location: 2F 3-2: Foul Ball, location: 2F 3-2: Foul Ball, location: 2F 3-2: SOLO HOME RUN (Flyball, 78XD, EV 103.8 MPH), Distance : 437 ft
|
Batting: RHB Ben Taylor
|
0-0: Ball 1-0: Called Strike 1-1: Foul Ball, location: 2F 1-2: SINGLE (Groundball, 6MD, EV 106.2 MPH)
|
Pitching: RHP Matt Alexander
|
|
Batting: RHB Brian Landrum
|
0-0: Called Strike 0-1: Foul Ball, location: 2F 0-2: Ball 1-2: Foul Ball, location: 9LSF, Error on foul ball, E9 1-2: Fly out, F9 (Flyball, 9, EV 85.0 MPH)
|
Batting: RHB Cameron Rattenbury
|
0-0: Ball 1-0: Ball 2-0: Ground out 1-3 (Groundball, 15S, EV 66.9 MPH)
|
Top of the 8th over - 1 run, 2 hits, 1 error, 1 left on base; Biloxi 5 - Jacksonville 0 |
BOTTOM OF THE 8TH |
Jacksonville Suns batting - Pitching for Biloxi Shuckers : LHP Adam Wood
|
Pitching: RHP Niclas Boman
|
|
Batting: RHB Akira Suzuki
|
0-0: Ball 1-0: Fly out, F7 (Flyball, 78XD, EV 105.6 MPH)
|
Batting: RHB Boof Howell
|
0-0: Called Strike 0-1: Ball 1-1: Ball 2-1: Ball 3-1: Foul Ball, location: 2F 3-2: Foul Ball, location: 2F 3-2: Base on Balls
|
Batting: RHB Miguel Velasco
|
0-0: SINGLE (Groundball, 4MD, EV 94.4 MPH) Boof Howell to second Runner from 2nd tries for 3rd, SAFE, throw by CF made to third
|
Batting: SHB Matt Moore
|
0-0: Ball 1-0: SINGLE (Line Drive, 34D, EV 99.4 MPH) Boof Howell scores Miguel Velasco to second
|
Batting: RHB Orlando Landa
|
0-0: Ball 1-0: Reached on error, E5 (Groundball, 5, EV 82.5 MPH) Miguel Velasco to third Matt Moore to second
|
Batting: LHB Dong-u Chang
|
0-0: Foul Ball, location: 2F 0-1: Ball 1-1: Foul Ball, location: 2F 1-2: Ball 2-2: Foul Ball, location: 2F 2-2: Grounds into fielders choice 5-2 (Groundball, 56, EV 83.1 MPH) Matt Moore to third Orlando Landa to second
|
Pinch Hitting: LHB Carlos Mosqueda
|
0-0: Ball 1-0: Foul Ball, location: 2F 1-1: Called Strike 1-2: Foul Ball, location: 2F 1-2: Ball 2-2: Foul Ball, location: 2F 2-2: Ball 3-2: SINGLE (Groundball, 34D, EV 101.9 MPH) Matt Moore scores Orlando Landa to third Dong-u Chang to second Orlando Landa scores Dong-u Chang to third
|
Pitching: LHP Benito Vargas
|
|
Now at 1B: Steve Byerly
|
|
Batting: LHB Orlando Rivera
|
0-0: Ball 1-0: Ball Pickoff Throw to First - Out! 1-3
|
Bottom of the 8th over - 3 runs, 3 hits, 1 error, 1 left on base; Biloxi 5 - Jacksonville 3 |
TOP OF THE 9TH |
Biloxi Shuckers batting - Pitching for Jacksonville Suns : RHP Matt Alexander
|
Now in LF: Matt McKeon
|
|
Batting: RHB Hector Silva
|
0-0: Called Strike 0-1: Called Strike 0-2: Foul Ball, location: 2F 0-2: Strikes out swinging
|
Batting: LHB Jason Raker
|
0-0: Ball 1-0: Ball 2-0: Foul Ball, location: 2F 2-1: Ball 3-1: Called Strike 3-2: Base on Balls
|
Batting: SHB Orlando Torres
|
0-0: Ball Jason Raker steals 2nd base 1-0: DOUBLE (Groundball, 3L, EV 104.4 MPH) Jason Raker scores
|
Batting: SHB Ramon Perez
|
0-0: Intentional Walk
|
Batting: RHB Steve Byerly
|
0-0: Ball 1-0: SINGLE (Line Drive, 8LS, EV 98.8 MPH) Orlando Torres to third Ramon Perez to second
|
Batting: RHB Herb McIntyre
|
0-0: Ball 1-0: Called Strike 1-1: Ball 2-1: Ball 3-1: SINGLE (Line Drive, 4MD, EV 104.4 MPH) Orlando Torres scores Ramon Perez to third Steve Byerly to second
|
Batting: RHB Ben Taylor
|
0-0: Ball 1-0: Fly out, F8 (Flyball, 8RM, EV 88.1 MPH)
|
Batting: RHB Brian Landrum
|
0-0: Called Strike 0-1: Ball 1-1: GRAND SLAM HOME RUN (Flyball, 7LD, EV 93.1 MPH), Distance : 340 ft
|
Pitching: RHP Jeremy Akande
|
|
Batting: RHB Cameron Rattenbury
|
0-0: Ball 1-0: Called Strike 1-1: Foul Ball, location: 2F 1-2: SINGLE (Line Drive, 89S, EV 103.1 MPH)
|
Batting: RHB Hector Silva
|
0-0: Called Strike 0-1: Ball 1-1: Ball 2-1: Foul Ball, location: 2F 2-2: Strikes out swinging
|
Top of the 9th over - 6 runs, 5 hits, 0 errors, 1 left on base; Biloxi 11 - Jacksonville 3 |
BOTTOM OF THE 9TH |
Jacksonville Suns batting - Pitching for Biloxi Shuckers : LHP Benito Vargas
|
Batting: LHB Orlando Rivera
|
0-0: Foul Ball, location: 2F 0-1: Fly out, F8 (Flyball, 78S, EV 88.1 MPH)
|
Batting: RHB Alberto Bravo
|
0-0: Called Strike 0-1: Ball 1-1: Ball 2-1: Foul Ball, location: 2F 2-2: Ball 3-2: Foul Ball, location: 2F 3-2: Strikes out swinging
|
Pinch Hitting: RHB Len Graham
|
0-0: Foul Ball, location: 2F 0-1: Fly out, F8 (Flyball, 8LM, EV 86.2 MPH)
|
Bottom of the 9th over - 0 runs, 0 hits, 0 errors, 0 left on base; Biloxi 11 - Jacksonville 3 |
|